 Dungeon Crawl Stone Soup version bcrawl-1.32 (webtiles) character file.

Game seed: 10714940252233185978

350010 christianvn the Nimble (level 11, 89/89 HPs)
             Began as a Gnoll Gladiator on Aug 5, 2021.
             Was an Elder of Okawaru.
             Quit the game on level 1 of the Lair of Beasts.
             The game lasted 00:44:28 (10070 turns).

christianvn the Nimble (Gnoll Gladiator)           Turns: 10070, Time: 00:44:29

Health: 89/89      AC: 16    Str: 22    XL:     11   Next: 44%
Magic:  20/20      EV: 10    Int: 11    God:    Okawaru [****..]
Gold:   489        SH:  7    Dex: 16    Spells: 15/22 levels left

rFire    . . .     SeeInvis .   b - +5 mace
rCold    . . .     Gourm    +   C - +0 buckler
rNeg     . . .     Faith    .   F - +0 plate armour
rPois    .         Spirit   .   c - +1 helmet
rElec    .         Reflect  .   (no cloak)
rCorr    .         Harm     .   y - +0 pair of gloves
MR       .....                  (no boots)
Stlth    ..........             l - amulet of the gourmand
HPRegen  0.24/turn              r - +2 ring of strength
MPRegen  0.17/turn              (no ring)

@: no status effects
A: distributed training, fangs 1, strong nose
a: Heroism, Renounce Religion


You were on level 1 of the Lair of Beasts.
You worshipped Okawaru.
Okawaru was greatly pleased with you.
You were not hungry.

You visited 2 branches of the dungeon, and saw 10 of its levels.

You collected 629 gold pieces.
You spent 140 gold pieces at shops.

Inventory:

Hand Weapons
 a - a +0 trident
 b - a +5 mace (weapon)
Missiles
 d - 6 throwing nets {=f}
 A - 280 poisoned tomahawks (quivered)
Armour
 c - a +1 helmet (worn)
 y - a +0 pair of gloves (worn)
 C - a +0 buckler (worn)
 D - a +2 robe of magic resistance
 F - a +0 plate armour (worn)
Jewellery
 l - an amulet of the gourmand (around neck)
 r - a +2 ring of strength (left hand)
Wands
 B - a wand of paralysis (6)
 G - a wand of polymorph (9)
 I - a wand of flame (15)
 M - a wand of acid (5)
Scrolls
 g - a scroll of blinking {unknown}
 j - 5 scrolls of remove curse
 m - a scroll of immolation {unknown}
 n - a scroll of teleportation
 o - a scroll of fear {unknown}
 s - 3 scrolls of amnesia {unknown}
 t - a scroll of enchant weapon {unknown}
 w - 3 scrolls of enchant armour
 x - a scroll of noise {unknown}
 E - a scroll of magic mapping {unknown}
 L - a scroll of fog {unknown}
Potions
 f - a potion of heal wounds
 h - 2 potions of brilliance
 k - a potion of agility
 p - 3 potions of curing
 q - a potion of cancellation
 u - 3 potions of flight
 v - 3 potions of magic
 z - a potion of degeneration {unknown}
 H - a potion of berserk rage {unknown}
 J - a potion of ambrosia
 K - a potion of haste {unknown}
 N - a potion of resistance {unknown}
Comestibles
 e - 19 rations {!d}
 i - 5 chunks of flesh


   Skills:
 + Level 9.1 Fighting
 + Level 6.2 Short Blades
 + Level 6.2 Long Blades
 + Level 6.2 Axes
 + Level 6.2 Maces & Flails
 + Level 9.1 Polearms
 + Level 6.2 Staves
 + Level 6.2 Slings
 + Level 6.2 Bows
 + Level 6.2 Crossbows
 + Level 7.8 Throwing
 + Level 6.2 Armour
 + Level 9.1 Dodging
 + Level 6.2 Stealth
 + Level 6.2 Shields
 + Level 6.2 Unarmed Combat
 + Level 6.2 Spellcasting
 + Level 5.1 Conjurations
 + Level 5.1 Hexes
 + Level 5.1 Charms
 + Level 5.1 Summonings
 + Level 5.1 Necromancy
 + Level 5.1 Translocations
 + Level 5.1 Transmutations
 + Level 5.1 Fire Magic
 + Level 5.1 Ice Magic
 + Level 5.1 Air Magic
 + Level 5.1 Earth Magic
 + Level 5.1 Poison Magic
 + Level 6.8 Invocations
 + Level 6.2 Evocations


You had 15 spell levels left.
You knew the following spells:

 Your Spells              Type           Power        Failure   Level  Hunger
a - Confuse               Hex            ##......     91%         3    ##.....
b - Petrify               Tmut/Erth      ##........   100%        4    ####...

Your spell library contained the following spells:

 Spells                   Type           Power        Failure   Level  Hunger
 Animate Skeleton         Necr           N/A          58%         1    None
 Corona                   Hex            ##.....      58%         1    None
 Pain                     Necr           ##....       58%         1    None
 Shock                    Conj/Air       ##...        58%         1    None
 Ensorcelled Hibernation  Hex/Ice        ##....       73%         2    None
 Searing Ray              Conj           ##......     73%         2    None
 Dazzling Orbs            Conj/Hex       ##.....      91%         3    ##.....
 Ignite Poison            Fire/Tmut/Pois ##......     91%         3    ##.....
 Tukima's Dance           Hex            ##......     91%         3    ##.....
 Vampiric Draining        Necr           ##........   91%         3    ##.....
 Agony                    Necr           ##......     100%        4    ####...
 Animate Dead             Necr           N/A          100%        4    ####...
 Cause Fear               Hex            ##........   100%        4    ####...
 Yara's Violent Unravell  Hex/Tmut       ##........   100%        4    ####...
 Dispel Undead            Necr           ##......     100%        5    #####..
 Metabolic Englaciation   Hex/Ice        ##........   100%        5    #####..
 Steam Barrier            Chrm/Fire      ##........   100%        6    #######
 Mana Rupture             Conj/Hex       ##........   100%        7    #######
 Chain Lightning          Conj/Air       ##........   100%        8    #######


Dungeon Overview and Level Annotations

Branches:
Dungeon (8/12)             Temple (0/1) D:4            Lair (2/6) D:8
  Swamp: Lair:2-4    Shoals: Lair:2-4     Snake: Lair:2-4    Spider: Lair:2-4
    Orc: D:8-11

Altars:
Ashenzari
Cheibriados
Elyvilon
Fedhas
Gozag
Makhleb
Nemelex Xobeh
Okawaru
Qazlal
Trog
Xom
Yredelemnul

Shops:
D:8 *

Annotations:
Lair:1 hydra


Innate Abilities, Weirdness & Mutations

Your experience applies equally to all skills.
You have very sharp teeth.
Your uncanny sense of smell can sniff out nearby items.


Message History

The harpoon shot hits you!
You are yanked forward by the harpoon shot.
You see here a komodo dragon skeleton.
The swamp worm fires a harpoon shot at you.
You block the harpoon shot.
There is a stone staircase leading up here.
You climb upwards.
Level annotation: hydra
There is a stone staircase leading down here.
You start resting.
You feel like a meek peon again.
HP restored.
You start resting.
HP restored.
Saving game... please wait.
Level annotation: hydra Welcome back, christianvn the Gnoll Gladiator.
Okawaru says: Bring me glory in combat!
Press ? for a list of commands and other information.
Are you sure you want to abandon this character and quit the game? (Confirm with "yes".)

....................##
.....................#
....................##
.......÷............#
#..##......P...##...#
#.###......#...(.#..#
#+##.......#.....P..#
..###......#........#
..+..<.....#....@#..#
..###......#.....#...#
..# #......#.....#..##
#.###...............P#
..##.......#.....#...#
#..##......##P.###..##
...........÷........#
....................#
....................#


There were no monsters in sight!

Vanquished Creatures
  2 death yaks (D:8)
  An ugly thing (D:8)
  3 black mambas
  4 cane toads
  4 centaur skeletons
  A komodo dragon (Lair:2)
  Grinder (D:4)
  3 hippogriffs
  5 yaks
  Eustachio (D:5)
  3 crocodiles
  2 porcupines (Lair:1)
  An orc warrior (D:5)
  A sky beast (D:5)
  A black bear (D:8)
  2 ice beasts (D:8)
  5 ogres
  A necrophage (D:6)
  2 phantoms
  5 bullfrogs
  Blork the orc (D:4)
  A wyvern zombie (D:5)
  A scorpion (D:8)
  4 wights (D:8)
  A howler monkey (D:5)
  2 crimson imps
  A bullfrog zombie (D:4)
  A centaur zombie (D:7)
  A hound (D:5)
  A jelly (D:6)
  3 orc priests
  3 iguanas
  Jessica (D:3)
  5 worker ants
  A killer bee zombie (D:7)
  A hound skeleton (D:6)
  4 gnolls (D:8)
  9 adders
  A shadow imp (D:6)
  3 oozes
  An adder skeleton (D:7)
  5 worms
  3 dart slugs
  11 leopard geckos
  20 orcs
  3 bats
  9 goblins
  11 hobgoblins
  11 jackals
  3 quokkas
  A ball python (D:3)
  3 frilled lizards
  9 kobolds
  3 rats
  A butterfly (D:8)
187 creatures vanquished.

Notes
Turn   | Place    | Note
-------+----------+-------------------------------------------
     0 | D:1      | christianvn the Gnoll Gladiator began the quest for the
                  | Orb.
     0 | D:1      | Reached XP level 1. HP: 23/23 MP: 1/1
   167 | D:1      | Reached XP level 2. HP: 29/29 MP: 2/2
   646 | D:1      | Reached XP level 3. HP: 29/35 MP: 3/3
  1029 | D:2      | Noticed a phantom
  1041 | D:1      | Killed a phantom
  1042 | D:1      | Reached skill level 1 in Short Blades
  1042 | D:1      | Reached skill level 1 in Long Blades
  1042 | D:1      | Reached skill level 1 in Axes
  1042 | D:1      | Reached skill level 1 in Maces & Flails
  1042 | D:1      | Reached skill level 1 in Staves
  1042 | D:1      | Reached skill level 1 in Slings
  1042 | D:1      | Reached skill level 1 in Bows
  1042 | D:1      | Reached skill level 1 in Crossbows
  1042 | D:1      | Reached skill level 1 in Armour
  1042 | D:1      | Reached skill level 1 in Stealth
  1042 | D:1      | Reached skill level 1 in Shields
  1042 | D:1      | Reached skill level 1 in Unarmed Combat
  1042 | D:1      | Reached skill level 1 in Spellcasting
  1042 | D:1      | Reached skill level 1 in Conjurations
  1042 | D:1      | Reached skill level 1 in Hexes
  1042 | D:1      | Reached skill level 1 in Charms
  1042 | D:1      | Reached skill level 1 in Summonings
  1042 | D:1      | Reached skill level 1 in Necromancy
  1042 | D:1      | Reached skill level 1 in Translocations
  1042 | D:1      | Reached skill level 1 in Transmutations
  1042 | D:1      | Reached skill level 1 in Fire Magic
  1042 | D:1      | Reached skill level 1 in Ice Magic
  1042 | D:1      | Reached skill level 1 in Air Magic
  1042 | D:1      | Reached skill level 1 in Earth Magic
  1042 | D:1      | Reached skill level 1 in Poison Magic
  1042 | D:1      | Reached skill level 1 in Invocations
  1042 | D:1      | Reached skill level 1 in Evocations
  1042 | D:1      | Reached XP level 4. HP: 31/41 MP: 5/5
  1042 | D:1      | Reached XP level 5. HP: 35/47 MP: 6/6
  1098 | D:2      | Found an iron altar of Okawaru.
  1130 | D:2      | Became a worshipper of Warmaster Okawaru
  1298 | D:2      | Found a shimmering altar of Xom.
  1318 | D:2      | Found a white marble altar of Elyvilon.
  1318 | D:2      | Found a shimmering altar of Xom.
  1320 | D:2      | Found a burning altar of Makhleb.
  1320 | D:2      | Found a stormy altar of Qazlal.
  1320 | D:2      | Found a blossoming altar of Fedhas.
  1445 | D:2      | Found a white marble altar of Elyvilon.
  1820 | D:2      | Found a basalt altar of Yredelemnul.
  2258 | D:3      | Reached XP level 6. HP: 53/53 MP: 8/8
  2600 | D:3      | Found a snail-covered altar of Cheibriados.
  2656 | D:3      | Noticed Jessica
  2793 | D:3      | Killed Jessica
  2820 | D:3      | Identified Kiasuh's Collected Works on Attacks and Flames
  2920 | D:3      | Reached skill level 5 in Throwing
  3106 | D:4      | Found a staircase to the Ecumenical Temple.
  3110 | D:4      | Found a shattered altar of Ashenzari.
  3213 | D:4      | Noticed Grinder
  3234 | D:4      | Paralysed by Grinder for 3 turns
  3250 | D:4      | Paralysed by Grinder for 3 turns
  3258 | D:4      | Paralysed by Grinder for 3 turns
  3282 | D:4      | Killed Grinder
  3282 | D:4      | Reached * piety under Okawaru
  3283 | D:4      | Reached XP level 7. HP: 47/60 MP: 10/10
  3376 | D:4      | Found a sparkling altar of Nemelex Xobeh.
  3455 | D:4      | Noticed Blork the orc
  3642 | D:4      | Killed Blork the orc
  3945 | D:5      | Entered Level 5 of the Dungeon
  4148 | D:5      | Noticed Eustachio
  4216 | D:5      | Killed Eustachio
  4217 | D:5      | Reached XP level 8. HP: 56/67 MP: 10/12
  4227 | D:5      | Reached ** piety under Okawaru
  4894 | D:6      | Found an opulent altar of Gozag.
  4936 | D:5      | Reached XP level 9. HP: 72/72 MP: 14/14
  5227 | D:6      | Reached *** piety under Okawaru
  5382 | D:6      | Found a bloodstained altar of Trog.
  7085 | D:7      | Learned a level 3 spell: Confuse
  7090 | D:7      | Learned a level 4 spell: Petrify
  7530 | D:8      | Reached skill level 5 in Invocations
  7657 | D:8      | Reached XP level 10. HP: 80/80 MP: 17/17
  7771 | D:8      | Found a staircase to the Lair.
  7785 | D:8      | Reached **** piety under Okawaru
  7858 | D:8      | Received a gift from Okawaru
  7972 | D:8      | Reached skill level 5 in Short Blades
  7972 | D:8      | Reached skill level 5 in Long Blades
  7972 | D:8      | Reached skill level 5 in Axes
  7972 | D:8      | Reached skill level 5 in Maces & Flails
  7972 | D:8      | Reached skill level 5 in Staves
  7972 | D:8      | Reached skill level 5 in Slings
  7972 | D:8      | Reached skill level 5 in Bows
  7972 | D:8      | Reached skill level 5 in Crossbows
  7972 | D:8      | Reached skill level 5 in Armour
  7972 | D:8      | Reached skill level 5 in Stealth
  7972 | D:8      | Reached skill level 5 in Shields
  7972 | D:8      | Reached skill level 5 in Unarmed Combat
  7972 | D:8      | Reached skill level 5 in Spellcasting
  7972 | D:8      | Reached skill level 5 in Evocations
  7975 | D:8      | Noticed a cyan ugly thing
  7979 | D:8      | Noticed a death yak
  7984 | D:8      | Noticed a death yak
  7985 | D:8      | Killed a cyan ugly thing
  8243 | D:8      | Noticed a death yak
  8304 | D:8      | HP: 4/82 [death yak (19)]
  8325 | D:8      | Killed a death yak
  8664 | D:8      | Killed a death yak
  8664 | D:8      | Reached ***** piety under Okawaru
  8664 | D:8      | Received a gift from Okawaru
  8760 | D:8      | Found Ucvag Sem's Assorted Antiques.
  8825 | D:8      | Bought a steaming leather armour for 140 gold pieces
  8835 | D:8      | Identified the +1 leather armour of the Wheelwright
                  | {*Corrode rElec Int+8 Stlth+} (You bought it in a shop on
                  | level 8 of the Dungeon)
  8886 | Lair:1   | Entered Level 1 of the Lair of Beasts
  9014 | Lair:1   | Noticed a black mamba
  9029 | Lair:1   | Killed a black mamba
  9030 | Lair:1   | Reached XP level 11. HP: 73/87 MP: 12/19
  9359 | Lair:1   | Received a gift from Okawaru
  9493 | Lair:1   | Noticed a six-headed hydra
  9606 | Lair:1   | Reached skill level 5 in Conjurations
  9606 | Lair:1   | Reached skill level 5 in Hexes
  9606 | Lair:1   | Reached skill level 5 in Charms
  9606 | Lair:1   | Reached skill level 5 in Summonings
  9606 | Lair:1   | Reached skill level 5 in Necromancy
  9606 | Lair:1   | Reached skill level 5 in Translocations
  9606 | Lair:1   | Reached skill level 5 in Transmutations
  9606 | Lair:1   | Reached skill level 5 in Fire Magic
  9606 | Lair:1   | Reached skill level 5 in Ice Magic
  9606 | Lair:1   | Reached skill level 5 in Air Magic
  9606 | Lair:1   | Reached skill level 5 in Earth Magic
  9606 | Lair:1   | Reached skill level 5 in Poison Magic
  9784 | Lair:2   | Noticed a seven-headed hydra
 10029 | Lair:2   | Noticed a five-headed hydra
 10070 | Lair:1   | Quit the game

Skill      XL: |  1  2  3  4  5  6  7  8  9 10 11 |
---------------+----------------------------------+-----
Short Blades   | 1 2 3 4 5 6 |  6.2
Long Blades    | 1 2 3 4 5 6 |  6.2
Axes           | 1 2 3 4 5 6 |  6.2
Maces & Flails | 1 2 3 4 5 6 |  6.2
Staves         | 1 2 3 4 5 6 |  6.2
Slings         | 1 2 3 4 5 6 |  6.2
Bows           | 1 2 3 4 5 6 |  6.2
Crossbows      | 1 2 3 4 5 6 |  6.2
Armour         | 1 2 3 4 5 6 |  6.2
Stealth        | 1 2 3 4 5 6 |  6.2
Shields        | 1 2 3 4 5 6 |  6.2
Unarmed Combat | 1 2 3 4 5 6 |  6.2
Spellcasting   | 1 2 3 4 5 6 |  6.2
Conjurations   | 1 2 3 4 5 |  5.1
Hexes          | 1 2 3 4 5 |  5.1
Charms         | 1 2 3 4 5 |  5.1
Summonings     | 1 2 3 4 5 |  5.1
Necromancy     | 1 2 3 4 5 |  5.1
Translocations | 1 2 3 4 5 |  5.1
Transmutations | 1 2 3 4 5 |  5.1
Fire Magic     | 1 2 3 4 5 |  5.1
Ice Magic      | 1 2 3 4 5 |  5.1
Air Magic      | 1 2 3 4 5 |  5.1
Earth Magic    | 1 2 3 4 5 |  5.1
Poison Magic   | 1 2 3 4 5 |  5.1
Invocations    | 1 2 3 4 5 6 |  6.8
Evocations     | 1 2 3 4 5 6 |  6.2
Throwing       | 5 6 7 |  7.8
Fighting       | 7 8 9 |  9.1
Polearms       | 7 8 9 |  9.1
Dodging        | 7 8 9 |  9.1

Action                   |  1- 3 |  4- 6 |  7- 9 | 10-12 || total
-------------------------+-------+-------+-------+-------++-------
Melee: Trident           |    87 |   219 |   410 |    63 ||   779
       Bite              |     6 |    18 |    51 |    44 ||   119
       Punch             |       |     2 |     1 |       ||     3
       Mace              |       |       |       |   180 ||   180
Throw: Stone             |       |     3 |       |       ||     3
       Throwing net      |       |     1 |       |       ||     1
       Tomahawk          |       |       |    13 |    20 ||    33
Invok: Heroism           |       |       |     2 |    13 ||    15
       Finesse           |       |       |       |     2 ||     2
Evoke: Wand              |       |       |       |     2 ||     2
  Use: Scroll            |     1 |     2 |     3 |     4 ||    10
       Potion            |       |       |       |     6 ||     6
 Stab: Sleeping          |       |     4 |       |       ||     4
       Paralysed         |       |       |       |     5 ||     5
  Eat: Chunk             |     2 |    13 |    12 |     9 ||    36
       Ration            |       |       |     3 |     2 ||     5
Armor: Leather armour    |    10 |     4 |       |       ||    14
       Chain mail        |       |    32 |   129 |       ||   161
       Robe              |       |       |     1 |       ||     1
       Plate armour      |       |       |    27 |    60 ||    87
Dodge: Dodged            |    33 |    63 |   193 |    90 ||   379
Block: Buckler           |       |       |    34 |    75 ||   109
